[Event "Titled Tuesday Blitz November 01 Early 2022"]
[White "Ibadov, Dashgyn"]
[Black "Tleptsok, Ruslan"]
[WhiteFideId "24107514"]
[BlackFideId "24104485"]
[WhiteElo "2208"]
[BlackElo "2130"]
[Result "0-1"]
[Round "11"]
[TimeControl "180+1"]
[Date "2022.11.02"]
[WhiteClock "0:00:03"]
[BlackClock "0:02:09"]

1. d4 Nf6 2. c4 e5 3. e3 exd4 4. exd4 d5 5. Nf3 Bb4+ 6. Nc3 O-O 7. Be2 dxc4 8. O-O Be6 9. Bg5 Nbd7 10. d5 Bg4 11. Qd4 Bxf3 12. Bxf3 Bxc3 13. bxc3 b5 14. a4 a6 15. d6 c5 16. Qd2 Rb8 17. axb5 axb5 18. Ra7 h6 19. Bh4 Ne5 20. Bd5 Qxd6 21. Bxf6 Qxf6 22. f4 Nd3 23. Qe3 Qxc3 24. h3 Qd4 25. Qxd4 cxd4 0-1


[Site "https://www.chess.com"]

[Event "Titled Tuesday Blitz November 01 Early 2022"]
[White "Jaskolka, Tomasz"]
[Black "Tokhirjonova, Gulrukhbegim"]
[WhiteFideId "1170791"]
[BlackFideId "14203626"]
[WhiteElo "2126"]
[BlackElo "2236"]
[Result "1-0"]
[Round "11"]
[TimeControl "180+1"]
[Date "2022.11.02"]
[WhiteClock "0:00:26"]
[BlackClock "0:00:10"]

1. d4 Nf6 2. Bf4 d5 3. e3 c6 4. c3 e6 5. Nd2 Bd6 6. Bg3 O-O 7. Ngf3 Re8 8. Bd3 b6 9. Qe2 Bb7 10. Ne5 c5 11. f4 Nc6 12. Qf3 cxd4 13. exd4 Ne7 14. O-O Nf5 15. Bf2 Nd7 16. g4 Nh4 17. Bxh4 Qxh4 18. Nxd7 f6 19. Qg3 Qxg3+ 20. hxg3 Rad8 21. Ne5 fxe5 22. fxe5 Be7 23. Kg2 g6 24. Nf3 Kg7 25. Rh1 Rf8 26. Rh3 Rh8 27. Rhh1 a6 28. Ng1 b5 29. Ne2 Bc6 30. Nf4 Bd7 31. Raf1 Rb8 32. Rf2 a5 33. Rhf1 Rhf8 34. Ne2 b4 35. Rxf8 Bxf8 36. b3 bxc3 37. Nxc3 Rc8 38. Ne2 Ba3 39. Kf2 Kh6 40. Ke3 Kg5 41. Rf7 Be8 42. Rxh7 Kxg4 43. Rh4+ Kg5 44. Nf4 Bc1+ 45. Kf3 Bxf4 46. Rxf4 Kh6 47. Rf6 Bd7 48. Rxg6+ Kh5 49. g4+ Kh4 50. Rh6+ Kg5 51. Rh5# 1-0


[Site "https://www.chess.com"]

[Event "Titled Tuesday Blitz November 01 Early 2022"]
[White "Jean Louis, Marckens"]
[Black "Gubajdullin, Alexei"]
[WhiteFideId "11900270"]
[BlackFideId "4141202"]
[WhiteElo "2030"]
[BlackElo "2200"]
[Result "0-1"]
[Round "11"]
[TimeControl "180+1"]
[Date "2022.11.02"]
[WhiteClock "0:00:15"]
[BlackClock "0:00:03"]

1. d4 Nf6 2. Nf3 g6 3. g3 Bg7 4. Bg2 O-O 5. O-O d6 6. Re1 Ne4 7. Nfd2 Nxd2 8. Qxd2 Nc6 9. c3 e5 10. dxe5 Nxe5 11. Qd1 Bf5 12. Bxb7 Rb8 13. Bg2 Qd7 14. Nd2 Bh3 15. Bh1 Rfe8 16. Nf3 Nc4 17. Nd4 c5 18. Nb3 a5 19. Bd5 Nb6 20. Bf3 a4 21. Na5 d5 22. Bf4 Ra8 23. b4 axb3 24. Nxb3 Bxc3 25. Nxc5 Qc6 26. Nd3 Bxe1 27. Qxe1 Qf6 28. Rb1 Rxa2 29. Qb4 Nd7 30. Qb7 Ra1 31. Bg2 Rxb1+ 32. Qxb1 Bxg2 33. Kxg2 Rxe2 34. Qb7 Qe6 35. Kf1 Kg7 36. Bc1 Qe4 37. Bb2+ Nf6 38. Bxf6+ Kxf6 39. Nf4 Re1# 0-1


[Site "https://www.chess.com"]

[Event "Titled Tuesday Blitz November 01 Early 2022"]
[White "Jobava, Baadur"]
[Black "Ozen, Bahadir"]
[WhiteFideId "13601520"]
[BlackFideId "6337058"]
[WhiteElo "2582"]
[BlackElo "2503"]
[Result "1-0"]
[Round "11"]
[TimeControl "180+1"]
[Date "2022.11.01"]
[WhiteClock "0:01:59"]
[BlackClock "0:01:10"]

1. e4 g6 2. d4 Bg7 3. c3 d6 4. Bd3 e5 5. Nf3 Nd7 6. O-O Ngf6 7. Re1 O-O 8. Nbd2 b6 9. a4 a6 10. h3 Bb7 11. d5 c6 12. dxc6 Bxc6 13. Nc4 Nc5 14. Bg5 h6 15. Bxf6 Bxf6 16. Bc2 Nxe4 17. Rxe4 d5 18. Nfxe5 dxe4 19. Nxc6 Qxd1+ 20. Rxd1 b5 21. Nb6 Rae8 22. Nd7 Kg7 23. Nxf8 Kxf8 24. axb5 axb5 25. Rd5 Rc8 26. Rd6 Bg5 27. Bxe4 Bc1 28. Rd8+ Rxd8 29. Nxd8 Bxb2 30. Bd3 Ke8 31. Nc6 Bxc3 32. Bxb5 Kf8 33. Bc4 Kg7 34. Kf1 f5 35. Ke2 Kf6 36. f3 h5 37. Kd3 Be1 38. Nd4 Bg3 39. Ne2 Bc7 40. Bb3 Kg5 41. Kc4 Kf6 42. Kd5 g5 43. g4 fxg4 44. fxg4 hxg4 45. hxg4 Bb8 46. Nc3 Bf4 47. Ne4+ Kg6 48. Ke6 Be3 49. Bc2 Bf4 50. Nd6+ Kg7 51. Nf5+ Kg6 52. Nd4+ Kg7 53. Kf5 Bc1 54. Ne6+ Kh6 55. Kf6 Bb2+ 56. Kf7 Bc3 57. Kg8 Bb2 58. Nd8 1-0


[Site "https://www.chess.com"]

[Event "Titled Tuesday Blitz November 01 Early 2022"]
[White "Johnson, Ben"]
[Black "Orzech, Dominik"]
[WhiteFideId "2010917"]
[BlackFideId "1115065"]
[WhiteElo "2116"]
[BlackElo "2272"]
[Result "1-0"]
[Round "11"]
[TimeControl "180+1"]
[Date "2022.11.02"]
[WhiteClock "0:00:07"]
[BlackClock "0:00:56"]

1. Nf3 Nf6 2. c4 g6 3. b3 Bg7 4. Bb2 O-O 5. g3 c5 6. Bg2 Nc6 7. O-O d5 8. cxd5 Qxd5 9. Nc3 Qh5 10. d3 Bh3 11. Qc1 h6 12. Rb1 g5 13. Ne4 b6 14. Nxf6+ exf6 15. Rd1 Rac8 16. Bxh3 Qxh3 17. Rd2 Rfe8 18. Qf1 Qf5 19. h4 Rcd8 20. hxg5 hxg5 21. Kg2 Nb4 22. Qh1 Qd5 23. Qh5 Re6 24. Rh1 Rde8 25. e4 Qb7 26. Nxg5 Nxa2 27. Qh7+ Kf8 28. Nxe6+ Rxe6 29. Rh4 Nb4 30. Rg4 f5 31. Qxg7+ Ke8 32. Qg8+ Ke7 33. Qg5+ Ke8 34. Qxf5 Nc6 35. Rg8+ Ke7 36. Re2 Nb4 37. Rg7 Ke8 38. Rh7 Nxd3 39. Bc3 Qd7 40. f3 b5 41. Rh8+ Ke7 42. Qg5+ Kd6 43. Rd8 c4 44. Rxd7+ Kxd7 45. bxc4 bxc4 46. Qb5+ Rc6 47. Qb7+ Rc7 48. Qb5+ Ke7 49. e5 Ke6 50. f4 Kf5 51. Kf3 Nc5 52. g4+ Kg6 53. f5+ Kg7 54. Rh2 Nd3 55. Qd5 Rc5 56. e6+ f6 57. Qd7+ Kg8 58. Qf7# 1-0


[Site "https://www.chess.com"]

[Event "Titled Tuesday Blitz November 01 Early 2022"]
[White "Khamdamova, Afruza"]
[Black "Balkum, Alexander"]
[WhiteFideId "14210444"]
[BlackFideId "2005069"]
[WhiteElo "2018"]
[BlackElo "2348"]
[Result "1-0"]
[Round "11"]
[TimeControl "180+1"]
[Date "2022.11.02"]
[WhiteClock "0:00:17"]
[BlackClock "0:00:02"]

1. e4 c5 2. Nf3 Nc6 3. d4 cxd4 4. Nxd4 Nf6 5. Nc3 d6 6. Be2 e5 7. Nb3 Be7 8. O-O O-O 9. f4 a5 10. a4 Nb4 11. Be3 exf4 12. Bxf4 d5 13. e5 Ne4 14. Nxe4 dxe4 15. c3 Nd5 16. Nd4 Bg5 17. Bxg5 Qxg5 18. Qc1 Qxe5 19. Bc4 Be6 20. Nxe6 fxe6 21. Re1 Rf6 22. Qc2 e3 23. Bxd5 exd5 24. Qd3 Re6 25. Rad1 Rd8 26. Re2 Qe4 27. b3 g6 28. Qxe4 Rxe4 29. Rd3 d4 30. cxd4 Rexd4 31. Rxd4 Rxd4 32. Rxe3 Rd1+ 33. Kf2 Rb1 34. Rd3 h5 35. Rd8+ Kf7 36. Rd7+ Ke6 37. Rxb7 Rb2+ 38. Kg3 Rc2 39. Rb5 Rc3+ 40. Kf4 Kf6 41. h4 Rc2 42. g3 Rf2+ 43. Ke3 Rg2 44. Kf3 Rb2 45. Rb6+ Kf7 46. Kf4 Rd2 47. Kg5 Rd5+ 48. Kh6 Rd3 49. Rb7+ Kf8 50. Kxg6 Rxg3+ 51. Kxh5 Kg8 52. Kh6 Kf8 53. h5 1-0


[Site "https://www.chess.com"]

[Event "Titled Tuesday Blitz November 01 Early 2022"]
[White "Kirillov, Dmitry"]
[Black "Grover, Sahaj"]
[WhiteFideId "34180572"]
[BlackFideId "5021103"]
[WhiteElo "2095"]
[BlackElo "2432"]
[Result "0-1"]
[Round "11"]
[TimeControl "180+1"]
[Date "2022.11.02"]
[WhiteClock "0:00:03"]
[BlackClock "0:01:19"]

1. e4 e5 2. Nf3 Nc6 3. Bc4 Nf6 4. d3 Bc5 5. O-O O-O 6. Nbd2 d6 7. c3 a6 8. h3 h6 9. Bb3 Re8 10. Re1 Be6 11. Bc2 Ba7 12. Nf1 d5 13. Ng3 dxe4 14. dxe4 Qxd1 15. Rxd1 Rad8 16. Bd2 Rd6 17. Be1 Red8 18. a3 g6 19. Rxd6 Rxd6 20. Rd1 Rxd1 21. Bxd1 h5 22. Kf1 Ne8 23. Ng5 Bc4+ 24. Be2 Bb3 25. Nf3 Nd6 26. Nd2 Be6 27. f3 Be3 28. Nh1 Na5 29. Nf2 b5 30. Nd1 Bf4 31. b4 Nac4 32. Nxc4 Nxc4 33. Bf2 Nxa3 34. h4 Nb1 35. g3 Bd2 36. Be1 Bc1 37. Kf2 Bb3 38. Ne3 c6 39. Nd1 Na3 40. Ne3 Kf8 41. Nd1 Ke7 42. Ne3 Ke6 43. f4 exf4 44. gxf4 Nc2 45. Nxc2 Bxc2 46. Kf3 Bb2 47. Bd2 Bb1 48. Ke3 Bc2 49. f5+ Ke5 50. Kf3 Bxe4+ 51. Ke3 Bxf5 52. Bf3 Bd7 53. Kd3 Bf5+ 54. Ke3 Kd6 55. Kd4 f6 56. Bf4+ Kd7 57. Bg3 Bc1 58. Be2 Bh6 59. Bf3 Bf8 60. Ke3 Bd6 61. Bf2 Be5 62. Kd2 Bf4+ 63. Ke2 Bc7 64. Kd2 a5 65. bxa5 Bxa5 66. Bd4 Bd8 67. Ke3 Kd6 68. Kd2 c5 69. Bf2 Bc7 70. Bg3+ Kd7 71. Bf2 Bf4+ 72. Kd1 Kd6 73. Bg2 b4 74. cxb4 cxb4 75. Bd4 Be5 76. Be3 b3 77. Kc1 b2+ 0-1


[Site "https://www.chess.com"]

[Event "Titled Tuesday Blitz November 01 Early 2022"]
[White "Kodinets, Konstantin L."]
[Black "Timofeev, Artyom"]
[WhiteFideId "4122011"]
[BlackFideId "4140419"]
[WhiteElo "2447"]
[BlackElo "2579"]
[Result "0-1"]
[Round "11"]
[TimeControl "180+1"]
[Date "2022.11.01"]
[WhiteClock "0:00:03"]
[BlackClock "0:00:24"]

1. d4 Nf6 2. Nf3 g6 3. Bg5 Bg7 4. Nbd2 h6 5. Bh4 d6 6. e4 O-O 7. c3 Nc6 8. Bc4 e5 9. dxe5 dxe5 10. O-O Qe7 11. b4 a5 12. a3 Nb8 13. Bxf6 Bxf6 14. Nb3 axb4 15. axb4 Rxa1 16. Qxa1 Bg4 17. Nfd2 Nd7 18. f3 Be6 19. Qa7 Bxc4 20. Nxc4 Qe6 21. Nbd2 b5 22. Na5 Bg5 23. Ndb3 Qd6 24. Qb7 Qd3 25. Ra1 Qxc3 26. Qxb5 Nb6 27. Kh1 Rd8 28. Rf1 Qc2 29. Na1 Qb2 30. N1b3 Be3 31. Nc6 Rd6 32. Nxe5 Qxb3 33. Qe8+ Kg7 34. h4 Qe6 0-1


[Site "https://www.chess.com"]

[Event "Titled Tuesday Blitz November 01 Early 2022"]
[White "Kosakowski, Jakub"]
[Black "Barria Zuniga, Daniel"]
[WhiteFideId "1185080"]
[BlackFideId "3400816"]
[WhiteElo "2463"]
[BlackElo "2414"]
[Result "1-0"]
[Round "11"]
[TimeControl "180+1"]
[Date "2022.11.02"]
[WhiteClock "0:00:09"]
[BlackClock "0:00:02"]

1. e4 c5 2. c3 Nf6 3. e5 Nd5 4. Nf3 d6 5. exd6 Qxd6 6. Na3 Nc6 7. d4 Bg4 8. Nb5 Qe6+ 9. Be3 a6 10. c4 axb5 11. cxd5 Qxd5 12. dxc5 Bxf3 13. Qxf3 Qxf3 14. gxf3 b4 15. Bb5 e6 16. Ke2 Ra5 17. Bxc6+ bxc6 18. Rhc1 Kd7 19. Rc4 e5 20. f4 exf4 21. Rd1+ Kc8 22. Rxf4 f6 23. Rxb4 Bxc5 24. Rc4 Bxe3 25. fxe3 Kc7 26. Rdc1 Ra6 27. a4 Rb8 28. R1c2 Rab6 29. b4 Kd7 30. Rb2 Kd6 31. Kd3 f5 32. Kc3 g6 33. a5 Rb5 34. Rd2+ Ke6 35. Rxc6+ Ke5 36. Rd4 Re8 37. a6 Reb8 38. a7 Ra8 39. Rd7 1-0


[Site "https://www.chess.com"]

[Event "Titled Tuesday Blitz November 01 Early 2022"]
[White "Kosteniuk, Alexandra"]
[Black "Nozdrachev, Leonid"]
[WhiteFideId "4128125"]
[BlackFideId "24113433"]
[WhiteElo "2469"]
[BlackElo "2249"]
[Result "1-0"]
[Round "11"]
[TimeControl "180+1"]
[Date "2022.11.02"]
[WhiteClock "0:00:11"]
[BlackClock "0:00:02"]

1. e4 c6 2. Nc3 d5 3. Nf3 Bg4 4. h3 Bxf3 5. Qxf3 e6 6. g3 Nd7 7. Bg2 g6 8. O-O Ne7 9. d4 Bg7 10. e5 O-O 11. Bg5 h6 12. Bf4 c5 13. dxc5 Nxe5 14. Qe2 Nc4 15. Rab1 Qa5 16. Ne4 Nxb2 17. Nd6 Qxc5 18. Nxb7 Qc4 19. Qd2 Bc3 20. Qc1 Na4 21. Bxh6 Rfb8 22. Bf4 e5 23. Bg5 Nf5 24. Qd1 Nd4 25. Nd6 Qc6 26. Be7 Qd7 27. Bxd5 Qxe7 28. Nxf7 Kg7 29. Bxa8 Rxa8 30. Nxe5 Qxe5 31. Rb7+ Kg8 32. Qg4 Qf5 33. Qxf5 gxf5 34. Rfb1 Nc5 35. Rb8+ Rxb8 36. Rxb8+ Kf7 37. Rc8 Ne4 38. Kg2 Be1 39. Rc7+ Kf6 40. c3 Ne6 41. Rxa7 Bxf2 42. Ra8 Bxg3 43. a4 f4 44. a5 N6g5 45. a6 f3+ 46. Kh1 Kf7 47. a7 f2 48. Rf8+ Kxf8 49. a8=Q+ Kf7 50. Qd5+ Kf6 51. Kg2 Kg6 52. c4 Bf4 53. c5 Nf6 54. Qd3+ Nge4 55. c6 Kf5 56. Qb5+ Ke6 57. Qc4+ Kd6 58. c7 1-0


[Site "https://www.chess.com"]

[Event "Titled Tuesday Blitz November 01 Early 2022"]
[White "Kowalczyk, Pawel"]
[Black "Turutin, Alexander"]
[WhiteFideId "1130641"]
[BlackFideId "4180623"]
[WhiteElo "2324"]
[BlackElo "2402"]
[Result "1-0"]
[Round "11"]
[TimeControl "180+1"]
[Date "2022.11.01"]
[WhiteClock "0:02:15"]
[BlackClock "0:00:41"]

1. e4 c6 2. Nc3 d5 3. Nf3 Bg4 4. h3 Bxf3 5. gxf3 e6 6. d4 Nd7 7. h4 Ngf6 8. h5 Bb4 9. e5 Ng8 10. a3 Bxc3+ 11. bxc3 Ne7 12. f4 Nf5 13. Bd3 O-O 14. Qg4 f6 15. Bxf5 exf5 16. Qxf5 fxe5 17. Qe6+ Kh8 18. fxe5 c5 19. h6 g6 20. Be3 Qc7 21. Qe7 1-0


[Site "https://www.chess.com"]

[Event "Titled Tuesday Blitz November 01 Early 2022"]
[White "Krysa, Leandro"]
[Black "Jones, Gawain C B"]
[WhiteFideId "116807"]
[BlackFideId "409561"]
[WhiteElo "2486"]
[BlackElo "2657"]
[Result "0-1"]
[Round "11"]
[TimeControl "180+1"]
[Date "2022.11.01"]
[WhiteClock "0:00:04"]
[BlackClock "0:01:03"]

1. Nf3 g6 2. e4 c5 3. d4 cxd4 4. Nxd4 Nf6 5. Nc3 d6 6. g3 Bg4 7. f3 Bd7 8. Bg2 Nc6 9. O-O Qb6 10. Be3 e5 11. Na4 Qb4 12. c3 Qa5 13. b4 Nxb4 14. cxb4 Qxb4 15. Rb1 Qxa4 16. Qxa4 Bxa4 17. Nb5 Bxb5 18. Rxb5 b6 19. a4 Nd7 20. Rc1 Be7 21. Bh3 Nc5 22. a5 Bd8 23. Bxc5 dxc5 24. a6 Bg5 25. Rd1 Be3+ 26. Kf1 Bd4 27. Ke2 c4 28. f4 Ke7 29. fxe5 Rhd8 30. Rc1 c3 31. Rb4 Bxe5 32. Rc4 Rd2+ 33. Kf3 Rxh2 34. Bf1 Rd8 35. Be2 Rd2 0-1


[Site "https://www.chess.com"]

[Event "Titled Tuesday Blitz November 01 Early 2022"]
[White "Kustar, Sandor"]
[Black "Vakhania, Alexandra"]
[WhiteFideId "702900"]
[BlackFideId "13602560"]
[WhiteElo "2383"]
[BlackElo "2053"]
[Result "0-1"]
[Round "11"]
[TimeControl "180+1"]
[Date "2022.11.02"]
[WhiteClock "0:00:02"]
[BlackClock "0:00:15"]

1. Nf3 c6 2. c4 d5 3. Qc2 g6 4. g3 Bg7 5. Bg2 Nf6 6. O-O O-O 7. b3 a6 8. Bb2 b5 9. d3 Bb7 10. Nbd2 Nbd7 11. e4 e6 12. Rad1 a5 13. Rfe1 a4 14. b4 a3 15. Bc1 Ra4 16. Qb3 Qa8 17. e5 Ng4 18. cxb5 Ndxe5 19. Nxe5 Nxe5 20. bxc6 Nxc6 21. b5 Nd4 22. Qb1 Qa5 23. Nb3 Nxb3 24. axb3 Rb4 25. Qa2 Ra8 26. Bd2 Qxb5 27. Bxb4 Qxb4 28. Rc1 Bb2 29. Rb1 Ba6 30. Red1 Qc3 31. Bf1 d4 32. b4 Bb5 33. h4 Ra4 34. Re1 Rxb4 35. Re2 Bxd3 36. Rexb2 axb2 37. Bxd3 Qxd3 38. Rxb2 Qd1+ 39. Kg2 Ra4 40. Rb8+ Kg7 41. Qb2 Ra1 42. Kh3 h5 43. Qb7 Qh1+ 44. Qxh1 Rxh1+ 45. Kg2 Re1 46. Rd8 e5 47. Kf3 f5 0-1


[Site "https://www.chess.com"]

[Event "Titled Tuesday Blitz November 01 Early 2022"]
[White "Kvaloy, Aksel Bu"]
[Black "Melikhov, Evgeny V."]
[WhiteFideId "1528815"]
[BlackFideId "4122046"]
[WhiteElo "2178"]
[BlackElo "2169"]
[Result "1/2-1/2"]
[Round "11"]
[TimeControl "180+1"]
[Date "2022.11.02"]
[WhiteClock "0:00:04"]
[BlackClock "0:00:07"]

1. d4 Nf6 2. c4 e6 3. g3 d5 4. Nf3 dxc4 5. Bg2 Nc6 6. O-O Rb8 7. a4 a6 8. a5 Bd6 9. e3 O-O 10. Nfd2 e5 11. d5 Ne7 12. Nxc4 Ng6 13. Nc3 h6 14. e4 Nh7 15. f4 f5 16. fxe5 Nxe5 17. Nxd6 cxd6 18. Bf4 Qe7 19. Qd4 Ng6 20. Rae1 Nxf4 21. Rxf4 fxe4 22. Rexe4 Rxf4 23. Rxf4 Nf6 24. Ne4 Nxe4 25. Qxe4 Qxe4 26. Rxe4 Kf7 27. Rb4 Bd7 28. Bf1 Ke7 29. Bxa6 Ra8 30. Bb5 Bf5 31. Bc4 Bc8 32. Rb5 Kd7 33. b4 Kc7 34. Rb6 Bd7 35. Kf2 Re8 36. Bb5 Bxb5 37. Rxb5 Re4 38. Kf3 Rd4 39. Ke3 Rd1 40. Kf4 g6 41. h4 Rd4+ 42. Kf3 h5 43. Ke3 Rc4 44. Kf3 Rg4 45. Kf2 g5 46. hxg5 Rxg5 47. Kf3 Rg4 48. Kf2 Rd4 49. Kg2 Rg4 50. Kh3 Rd4 51. Kh2 Rd3 52. Kh3 Rd4 53. Kh2 Rg4 54. Kh3 Rd4 1/2-1/2


[Site "https://www.chess.com"]

[Event "Titled Tuesday Blitz November 01 Early 2022"]
[White "Le, Tuan Minh"]
[Black "Rakhmanov, Aleksandr"]
[WhiteFideId "12401153"]
[BlackFideId "4173708"]
[WhiteElo "2530"]
[BlackElo "2530"]
[Result "1/2-1/2"]
[Round "11"]
[TimeControl "180+1"]
[Date "2022.11.01"]
[WhiteClock "0:00:38"]
[BlackClock "0:00:06"]

1. d4 Nf6 2. Nf3 g6 3. Bg5 Bg7 4. Nbd2 d5 5. c3 O-O 6. e3 c6 7. Bd3 Bg4 8. O-O Nbd7 9. Qb3 Bxf3 10. Nxf3 Qb6 11. c4 e6 12. Qc2 dxc4 13. Bxc4 Rac8 14. Qe2 c5 15. Rfd1 cxd4 16. Nxd4 Ne4 17. Bh4 Ne5 18. Bb3 Nc5 19. h3 a6 20. Rd2 Nxb3 21. Nxb3 Nc4 22. Rc2 Na5 23. Rac1 Rxc2 24. Qxc2 Nxb3 25. axb3 Qb4 26. Bg3 Rd8 27. Qc7 Bf6 28. Be5 Qe7 29. Qc3 Bxe5 30. Qxe5 Qd6 31. Qf6 Qd7 32. h4 h5 33. g4 hxg4 34. h5 gxh5 35. Rc5 Qd1+ 36. Kh2 g3+ 37. Kxg3 Qg1+ 38. Kh3 Qh1+ 39. Kg3 Qg1+ 40. Kh3 Qh1+ 41. Kg3 Qg1+ 1/2-1/2


[Site "https://www.chess.com"]

[Event "Titled Tuesday Blitz November 01 Early 2022"]
[White "Lopez, Henry"]
[Black "Myshakov, Fyodor"]
[WhiteFideId "5203830"]
[BlackFideId "14111284"]
[WhiteElo "2177"]
[BlackElo "2310"]
[Result "1-0"]
[Round "11"]
[TimeControl "180+1"]
[Date "2022.11.02"]
[WhiteClock "0:00:18"]
[BlackClock "0:00:18"]

1. d4 d5 2. Nf3 Nf6 3. c4 dxc4 4. e3 e6 5. Bxc4 c5 6. Nc3 a6 7. a4 Nc6 8. O-O cxd4 9. exd4 Nb4 10. Qe2 Be7 11. Rd1 O-O 12. Ne5 Nfd5 13. Be3 Bf6 14. Rac1 b6 15. Nxd5 exd5 16. Bb3 Bf5 17. Qd2 a5 18. Qe2 Re8 19. Qb5 Qd6 20. Bf4 Qe6 21. Bg3 h5 22. h3 h4 23. Bf4 Rac8 24. Rc3 g5 25. Be3 g4 26. hxg4 Bxg4 27. Rdc1 Bxe5 28. dxe5 Qxe5 29. Rxc8 Rxc8 30. Rxc8+ Bxc8 31. Qxb6 Be6 32. Qd8+ Kh7 33. Qxh4+ Kg6 34. Bd4 Qh5 35. Qf6+ 1-0


[Site "https://www.chess.com"]

[Event "Titled Tuesday Blitz November 01 Early 2022"]
[White "Luxama, Jacques Muller"]
[Black "Szente Varga, Fruzsina"]
[WhiteFideId "11900113"]
[BlackFideId "712264"]
[WhiteElo "1931"]
[BlackElo "1994"]
[Result "1-0"]
[Round "11"]
[TimeControl "180+1"]
[Date "2022.11.02"]
[WhiteClock "0:00:05"]
[BlackClock "0:00:01"]

1. d4 Nf6 2. c4 g6 3. Nc3 Bg7 4. e4 d6 5. Nf3 O-O 6. Be2 Bg4 7. O-O Nbd7 8. Re1 e5 9. d5 Nc5 10. h3 Bd7 11. Nd2 a5 12. b3 Ne8 13. a3 f5 14. f3 f4 15. Bb2 Nf6 16. b4 Na6 17. Qb3 Nh5 18. c5 Ng3 19. Bxa6 bxa6 20. Nc4 axb4 21. axb4 Qf6 22. Ne2 h5 23. Nxg3 fxg3 24. cxd6 cxd6 25. Nb6 Bb5 26. Nxa8 Rxa8 27. Bc1 g5 28. Qe3 g4 29. fxg4 Rf8 30. Qxg3 hxg4 31. hxg4 Qg6 32. g5 Qh5 33. Be3 Qg6 34. Bf2 Rc8 35. Rac1 Rxc1 36. Rxc1 Qxe4 37. Rc8+ Kf7 38. g6+ Qxg6 39. Rc7+ Kf6 40. Qh4+ Kf5 41. g4+ Ke4 42. g5+ Kxd5 43. Qg4 Qb1+ 44. Kh2 Qh7+ 45. Bh4 Qg6 46. Qg2+ Ke6 47. Qg4+ Kd5 48. Qf3+ e4 49. Qf7+ Qxf7 50. Rxf7 Be5+ 51. Kg2 Ke6 52. g6 d5 53. Re7+ Kf5 54. Rxe5+ Kxe5 55. g7 e3 56. g8=Q e2 57. Qg5+ Kd4 58. Be1 Ke4 59. Qd2 d4 60. Kf2 d3 61. Qe3+ Kd5 62. Bd2 Kc4 63. Ke1 Kb3 64. Qd4 Bc4 65. Qc3+ Ka4 66. Qxc4 1-0


[Site "https://www.chess.com"]

[Event "Titled Tuesday Blitz November 01 Early 2022"]
[White "Malyi, Viacheslav"]
[Black "Mekhitarian, Krikor Sevag"]
[WhiteFideId "14123983"]
[BlackFideId "2107660"]
[WhiteElo "2291"]
[BlackElo "2614"]
[Result "0-1"]
[Round "11"]
[TimeControl "180+1"]
[Date "2022.11.02"]
[WhiteClock "0:00:48"]
[BlackClock "0:00:31"]

1. e4 c5 2. Nf3 e6 3. g3 Nc6 4. Bg2 h5 5. h4 Nf6 6. d3 Ng4 7. O-O f6 8. d4 cxd4 9. Nxd4 Bc5 10. c3 Qb6 11. Bf3 Nxd4 12. cxd4 Bxd4 13. Bxg4 hxg4 14. Qxg4 Kf7 15. Nc3 d5 16. h5 dxe4 17. Qg6+ Kf8 18. h6 f5 19. Bf4 Bd7 20. Rad1 Be8 21. hxg7+ Bxg7 22. Bd6+ Qxd6 23. Qxe8+ Rxe8 24. Rxd6 Ke7 25. Rfd1 Rd8 26. Rxd8 Rxd8 27. Rxd8 Kxd8 28. Nd1 Bd4 29. Kf1 Kd7 30. Ke2 Kd6 31. f3 exf3+ 32. Kxf3 Kd5 33. Kf4 b5 34. b3 a5 35. a4 b4 36. Kf3 Ke5 37. Ne3 Bxe3 38. Kxe3 Kd5 39. Kf4 Kd4 40. Kg5 Ke4 41. Kf6 e5 42. Kg5 f4 43. gxf4 exf4 0-1


[Site "https://www.chess.com"]

[Event "Titled Tuesday Blitz November 01 Early 2022"]
[White "Manukian, Artak"]
[Black "Belozerov, Andrei"]
[WhiteFideId "13301373"]
[BlackFideId "4120213"]
[WhiteElo "2485"]
[BlackElo "2360"]
[Result "1/2-1/2"]
[Round "11"]
[TimeControl "180+1"]
[Date "2022.11.02"]
[WhiteClock "0:01:10"]
[BlackClock "0:00:59"]

1. e4 c5 2. Nf3 d6 3. Bb5+ Bd7 4. Bxd7+ Qxd7 5. c4 e5 6. Nc3 g6 7. d3 Bg7 8. Bg5 Ne7 9. Nd5 Nxd5 10. cxd5 O-O 11. O-O f5 12. Nd2 f4 13. f3 Na6 14. a4 Nb4 15. Nc4 Bf6 16. Bxf6 Rxf6 17. Na3 Kf7 18. Nc2 a5 19. Nxb4 axb4 20. b3 b6 21. Qc2 g5 22. h3 h5 23. Kf2 Rg6 24. Rh1 Kf6 25. Ke1 Ra5 26. Kd2 Ke7 27. d4 cxd4 28. Qc4 Rg8 29. Qxb4 Rc8 30. Rac1 Rac5 31. Qxb6 Rc3 32. a5 R8c5 33. Rxc3 Rxc3 34. Rc1 Qc8 35. Rxc3 Qxc3+ 36. Kd1 d3 37. Qb7+ Kf6 38. Qc6 Qxb3+ 39. Kd2 Qb2+ 40. Kxd3 Qb3+ 41. Kd2 Qb2+ 42. Kd3 Qb3+ 43. Kd2 Qb2+ 44. Kd3 1/2-1/2


[Site "https://www.chess.com"]

[Event "Titled Tuesday Blitz November 01 Early 2022"]
[White "Matinian, Nikita"]
[Black "Ilkhomi, Jaloliddin"]
[WhiteFideId "24129100"]
[BlackFideId "14700948"]
[WhiteElo "2422"]
[BlackElo "2045"]
[Result "1-0"]
[Round "11"]
[TimeControl "180+1"]
[Date "2022.11.02"]
[WhiteClock "0:00:11"]
[BlackClock "0:00:12"]

1. e4 e6 2. d4 d5 3. Nc3 Bb4 4. Ne2 dxe4 5. a3 Be7 6. Nxe4 Nf6 7. Nxf6+ Bxf6 8. Be3 Nd7 9. Nf4 b6 10. Qg4 Bb7 11. O-O-O Qe7 12. Bc4 O-O-O 13. Rhe1 Kb8 14. Nh5 Qd6 15. Bb3 Rhe8 16. Bf4 Qc6 17. d5 exd5 18. Rxe8 Rxe8 19. Bxd5 Qb5 20. Bb3 Ne5 21. Qg3 Nd3+ 22. Qxd3 Qxh5 23. Bxc7+ Ka8 24. f3 Qg5+ 25. Kb1 Qxg2 26. Bxf7 Rc8 27. Qd7 Qxf3 28. Qxc8+ Bxc8 29. Bd5+ Qxd5 30. Rxd5 Kb7 31. Bg3 Be6 32. Rd6 Bf5 33. h4 h5 34. a4 Be7 35. Rd2 g6 36. b3 Bf6 37. Ka2 Bc3 38. Re2 Bf6 39. c4 a6 40. Rd2 Be7 41. Rh2 Kc6 42. Be5 b5 43. cxb5+ axb5 44. a5 Bb4 45. a6 Kb6 46. Bd4+ Kxa6 47. Re2 Kb7 48. Re8 Kc6 49. Bf6 Bd6 50. Bg5 Kd7 51. Rd8+ Kc6 52. Kb2 b4 53. Ka2 Be5 54. Rd2 Bc3 55. Re2 Kb5 56. Bd2 Bf6 57. Rh2 Be5 58. Rf2 Bf6 59. Rf4 Bg7 60. Rxb4+ Kc5 61. Rf4 Kb5 62. Rf2 Bf6 63. Rh2 Be5 64. Rf2 Bf6 65. Bg5 Bd4 66. Rd2 Bc3 67. Rd5+ Kc6 68. Rd8 Ba5 69. Rf8 Bb4 70. Rf6+ Kb5 71. Be3 Bc3 72. Rb6+ Ka5 73. Ka3 Be4 74. b4+ Bxb4+ 75. Rxb4 Bf5 76. Rb2 Ka6 77. Bd4 Ka5 78. Kb3 Kb5 79. Kc3+ Kc6 80. Rf2 Kd5 81. Be3 Ke4 82. Bg5 Bg4 83. Rb2 Kf5 84. Rb4 Bf3 85. Kd2 Be4 86. Ke3 Bd5 87. Rb5 Ke6 88. Kd4 Bf3 89. Re5+ Kd6 90. Bf4 Kd7 91. Rg5 Be4 92. Kxe4 Ke7 93. Rxg6 Kf7 94. Rg5 Kf6 95. Rxh5 Kg6 96. Ra5 Kh7 97. h5 Kg7 98. Kf5 Kg8 99. h6 Kh7 100. Ra7+ Kg8 101. h7+ Kh8 102. Be5# 1-0


[Site "https://www.chess.com"]

[Event "Titled Tuesday Blitz November 01 Early 2022"]
[White "Matveeva, Olga"]
[Black "Brueckner, Thomas"]
[WhiteFideId "24107018"]
[BlackFideId "4600452"]
[WhiteElo "2055"]
[BlackElo "2332"]
[Result "1/2-1/2"]
[Round "11"]
[TimeControl "180+1"]
[Date "2022.11.02"]
[WhiteClock "0:00:46"]
[BlackClock "0:00:39"]

1. d4 Nf6 2. c4 g6 3. g3 Bg7 4. Bg2 O-O 5. Nf3 d6 6. O-O Nc6 7. Nc3 e5 8. d5 Nb8 9. e4 a5 10. Ne1 Na6 11. Nd3 Nd7 12. f4 exf4 13. Bxf4 Nac5 14. Kh1 Nxd3 15. Qxd3 Ne5 16. Qe2 Bg4 17. Qf2 Nxc4 18. h3 Bd7 19. Rac1 Ne5 20. Qd2 a4 21. Bh6 b5 22. Bxg7 Kxg7 23. Ne2 h5 24. Nd4 h4 25. g4 g5 26. Rf2 f6 27. Bf1 Rb8 28. Qc3 Rb7 29. Be2 b4 30. Qe3 Qe7 31. Kg2 Kg6 32. Ba6 Rb6 33. Bd3 Rb7 34. Ba6 Rb6 35. Bd3 Rb7 36. Ba6 1/2-1/2


[Site "https://www.chess.com"]